 Dungeon Crawl Stone Soup version 0.24.1-1-gd1d2a07e1b (webtiles) character file.

Game seed: 3296211223038888502, levelgen mode: deterministic

136 nightchill the Caller (level 4, 0/33 HPs)
             Began as a Vampire Summoner on Apr 8, 2020.
             Slain by an ice beast (14 damage)
             ... on level 4 of the Dungeon.
             The game lasted 00:17:58 (3769 turns).

nightchill the Caller (Vampire Summoner)            Turns: 3769, Time: 00:17:58

Health: 0/33       AC:  4    Str:  7    XL:     4   Next: 98%
Magic:  5/7        EV: 15    Int: 18    God:
Gold:   112        SH:  0    Dex: 14    Spells: 0/7 levels left

rFire    . . .     SeeInvis +   a - +1 short sword (elec)
rCold    . . .     Gourm    .   (no shield)
rNeg     . . .     Faith    .   e - +0 robe
rPois    .         Spirit   .   (no helmet)
rElec    .         Reflect  .   (no cloak)
rCorr    .         Harm     .   (no gloves)
MR       .....                  (no boots)
Stlth    ++........             (no amulet)
HPRegen  0.31/turn              j - +2 ring of protection
MPRegen  0.10/turn              m - +3 ring of evasion

@: regenerating quickly
A: no food, fangs 3, see invisible, unbreathing
a: Exsanguinate


You were on level 4 of the Dungeon.
You were alive.

You visited 1 branch of the dungeon, and saw 4 of its levels.

You collected 112 gold pieces.

Inventory:

Hand Weapons
 a - a +1 short sword of electrocution (weapon)
 b - a -1 hunting sling
 g - a +0 spear
 i - a +0 short sword of draining
Missiles
 d - 76 stones (quivered)
 p - 24 poisoned darts
Armour
 e - a +0 robe (worn)
Jewellery
 j - a +2 ring of protection (left hand)
 m - a +3 ring of evasion (right hand)
Wands
 k - a wand of clouds (7)
Scrolls
 n - a scroll of remove curse
 o - a scroll of magic mapping
Potions
 c - 5 potions of haste {unknown}
 f - a potion of flight {unknown}
 h - a potion of might {unknown}
 l - a potion of curing {unknown}


   Skills:
 + Level 2.1 Fighting
 - Level 2.1 Dodging
 - Level 3.0 Stealth
 - Level 2.0 Spellcasting
 * Level 5.6 Summonings
 * Level 0.6 Ice Magic


You couldn't memorise any spells.
You knew the following spells:

 Your Spells              Type           Power        Failure   Level  Hunger
a - Summon Small Mammal   Summ           ###.         1%          1    N/A
b - Call Imp              Summ           ###.....     2%          2    N/A
c - Summon Ice Beast      Ice/Summ       ##......     45%         4    N/A

Your spell library contained the following spells:

 Spells                   Type           Power        Failure   Level  Hunger
 Call Canine Familiar     Summ           ###.....     5%          3    N/A
 Summon Guardian Golem    Hex/Summ       ##......     17%         3    N/A
 Summon Lightning Spire   Summ/Air       ##......     50%         4    N/A

Dungeon Overview and Level Annotations

Branches:
Dungeon (4/15)
 Temple: D:4-7

Altars:

Annotations:
D:2 1 exclusion, Terence
D:3 exclusion: 2 downstairs


Innate Abilities, Weirdness & Mutations

You do not eat.
Your natural rate of healing is unusually fast.
You have razor-sharp teeth.
You have supernaturally acute eyesight. (SInv)
You can survive without breathing.


Message History

Your shadow imp hits the ice beast but does no damage.
Your crimson imp blinks!
The ice beast hits your shadow imp. The ice beast freezes your shadow imp.
Your shadow imp resists.
Your shadow imp barely misses the ice beast.
Your white imp hits the ice beast but does no damage.
The ice beast hits your shadow imp but does no damage.
You swap places.
Your shadow imp closely misses the ice beast.
The ice beast hits you. The ice beast freezes you!
You hit the ice beast.
Lightning courses through the ice beast!
The ice beast is almost dead.
Your shadow imp hits the ice beast but does no damage.
The ice beast hits your shadow imp but does no damage.
Your shadow imp completely misses the ice beast.
You closely miss the ice beast.
The ice beast is almost dead.
The ice beast hits you. The ice beast freezes you!
You die...

#.<#.....# #.....#
. ##.ยง..# .##
####..#....
#####.........#
##............##
#........####..#
##......5###.....
...##....@Y.......
.##.....#55....###
.....###.##...#
##.## ### #.... ##
#... .# .


You could see an ice beast, a friendly crimson imp, a friendly white imp and a
friendly shadow imp.

Vanquished Creatures
  An adder (D:2)
  A dart slug (D:1)
  An orc (D:3)
  A ball python (D:1)
  3 giant cockroaches
  2 hobgoblins
  A jackal (D:3)
  4 bats
  4 frilled lizards
  5 goblins
  6 kobolds
  7 rats
36 creatures vanquished.

Vanquished Creatures (collateral kills)
  An ogre (D:3)
  4 adders
  An ooze (D:1)
  2 leopard geckos
  5 orcs (D:3)
  2 bats (D:1)
  3 giant cockroaches
  A goblin (D:3)
  4 hobgoblins
  4 kobolds
  A quokka (D:2)
  2 rats
30 creatures vanquished.

Grand Total: 66 creatures vanquished

Notes
Turn   | Place    | Note
-------+----------+-------------------------------------------
     0 | D:1      | nightchill the Vampire Summoner began the quest for the
                  | Orb.
     0 | D:1      | Reached XP level 1. HP: 13/13 MP: 3/3
   349 | D:1      | Reached XP level 2. HP: 18/20 MP: 1/5
   392 | D:1      | Learned a level 2 spell: Call Imp
   886 | D:1      | Reached skill level 1 in Fighting
  1410 | D:2      | Reached XP level 3. HP: 26/26 MP: 6/6
  1908 | D:2      | Reached skill level 5 in Summonings
  1982 | D:2      | Noticed Terence
  2531 | D:3      | Noticed an ogre
  2568 | D:3      | Killed an ogre
  2568 | D:3      | Reached XP level 4. HP: 29/33 MP: 0/7
  3002 | D:3      | Learned a level 4 spell: Summon Ice Beast
  3618 | D:4      | Noticed an ogre
  3752 | D:4      | Noticed an ice beast
  3769 | D:4      | Slain by an ice beast

Levels and vault maps discovered:
D:1:      roderic_octagonal_star, layout_basic, minivault_4
D:2:      layout_basic, uniq_terence
D:3:      layout_loops_cross, minmay_box_of_dots
D:4:      layout_cave_pools, minmay_temple_entry_crystal_x, grunt_ministairs_7,
          grunt_qazlal_sundering, uniq_duvessa

Skill      XL: |  1  2  3  4 |
---------------+-------------+-----
Fighting       | 1 2 |  2.1
Summonings     | 5 |  5.6
Dodging        | |  2.1
Stealth        | |  3.0
Spellcasting   | |  2.0
Ice Magic      | |  0.6

Action                   |  1- 3 |  4- 6 || total
-------------------------+-------+-------++-------
Melee: Unarmed           |    42 |       ||    42
       Bite              |     5 |     2 ||     7
       Short sword       |    17 |    35 ||    52
 Fire: Hunting sling     |    74 |     3 ||    77
Throw: Stone             |     4 |       ||     4
 Cast: Summon Small Mamm |    26 |       ||    26
       Call Imp          |    10 |    17 ||    27
       Summon Ice Beast  |       |     1 ||     1
  Use: Scroll            |     3 |       ||     3
 Stab: Sleeping          |     1 |     2 ||     3
       Distracted        |     1 |       ||     1
Armor: Robe              |    31 |     5 ||    36
Dodge: Dodged            |    79 |    27 ||   106
